 Dungeon Crawl Stone Soup version 0.31-a0-167-g1c394c0614 (webtiles) character file.

Game seed: 5319273348531932317

1110 qw the Cleaver (level 8, -1/49 HPs)
             Began as a Gargoyle Fighter on June 14, 2023.
             Engulfed by a steam dragon's steam (2 damage)
             ... on level 6 of the Dungeon.
             The game lasted 00:03:31 (5133 turns).

qw the Cleaver (Gargoyle Fighter)                   Turns: 5133, Time: 00:03:32

Health: -1/49      AC: 12    Str: 21    XL:     8   Next: 33%
Magic:  8/8        EV:  9    Int: 10    God:
Gold:   159        SH:  9    Dex:  9    Spells: 7/7 levels left

rFire   . . .        Y - +0 war axe
rCold   . . .        c - +0 buckler
rNeg    + . .        b - +0 scale mail
rPois   inf          (no helmet)
rElec   +            (no cloak)
rCorr   .            (no gloves)
SInv    +            (no boots)
Will    .....        l - amulet of reflection Stlth
                     e - ring of see invisible
HPRegen 0.28/turn    (no ring)
MPRegen 0.11/turn

%: reflection
@: very slow
A: sickness immunity, AC +5, negative energy resistance 1, electricity
resistance, torment resistance 1, petrification resistance
a: no special abilities


You were on level 6 of the Dungeon.
You visited 2 branches of the dungeon, and saw 7 of its levels.

You collected 159 gold pieces.


Innate Abilities, Weirdness & Mutations

You are immune to sickness and miasma.
Your stone body is resilient. (AC +5)
You are immune to poison.
You resist negative energy. (rN+)
You are resistant to electric shocks. (rElec)
You are resistant to unholy torment.
You are immune to petrification.


   Skills:
 + Level 5.0 Fighting
 - Level 8.1 Axes
 - Level 1.0 Throwing
 - Level 3.2 Armour
 - Level 1.1 Dodging
 - Level 3.2 Shields


You had 7 spell levels left.
You didn't know any spells.
Your spell library was empty.

Inventory:

Hand Weapons
 n - a +0 flail
 Y - a +0 war axe (weapon)
Missiles
 j - 3 boomerangs (quivered)
Armour
 b - a +0 scale mail (worn)
 c - a +0 buckler (worn)
 k - a +1 hat
Jewellery
 e - a ring of see invisible (left hand)
 i - a ring of ice
 l - an amulet of reflection (around neck)
Scrolls
 a - 4 scrolls of identify
Potions
 d - 3 potions of might
 f - 2 potions of curing
 g - 2 potions of lignification
 h - 2 potions of mutation

Dungeon Overview and Level Annotations

Branches:
Dungeon (6/15)             Temple (1/1) D:5

Altars:
Dithmenos
Fedhas
Gozag
Hepliaklqana
Kikubaaqudgha
Makhleb
Nemelex Xobeh
Qazlal
Ru
Sif Muna
Trog
Vehumet
Wu Jian
Xom
Yredelemnul
Zin


Message History

You enter the shallow water.
Moving in this stuff is going to be slow.
The fungus is engulfed in a cloud of scalding steam.
The fungus begins to die.
A nearby fungus withers and dies.
The fungus is engulfed in a cloud of scalding steam.
The fungus begins to die.
The steam dragon breathes steam at you.
The ball of steam hits you but does no damage.
The steam dragon completely misses you.
The steam dragon claws you but does no damage.
You slash the steam dragon!
The steam dragon is heavily wounded.
You are engulfed in a cloud of scalding steam.
The fungus is engulfed in a cloud of scalding steam.
You block the steam dragon's attack. The steam dragon closely misses you.
You slash the steam dragon!
The steam dragon is severely wounded.
You barely miss the steam dragon.
You are engulfed in a cloud of scalding steam.
A nearby fungus withers and dies. x2
The steam dragon bites you but does no damage.
The steam dragon claws you. The steam dragon breathes steam at you.
The ball of steam hits you!
Your unstable footing causes you to fumble your attack.
You are engulfed in a cloud of scalding steam.
The fungus is engulfed in a cloud of scalding steam.
The fungus begins to die.
The steam dragon bites you!
The steam dragon claws you but does no damage.
You block the steam dragon's attack. The steam dragon misses you.
You slash the steam dragon!
You kill the steam dragon!
The steam dragon scales are intact enough to wear.
You hit the steam dragon. The steam dragon breathes steam at you.
The ball of steam hits you!
Your Axes skill increases to level 8!
Your unstable footing causes you to fumble your attack.
You are engulfed in a cloud of scalding steam.
You die...

#. ....# ## #.##.#.#
#..#....#.####
#.......#.....
#.......#.#### ##
....#.....# # ##~P#
......#.######
P^P~..#######..>.<###~~~
....~.D@¤¤.P#######PP^PP
......[.....¤....~P.~P~~
......~~P.¤~^.P.........
P.....#########..^..^P..
P~.PP# ########~P #P^~#
### ####


You could see a steam dragon (catching breath).

Vanquished Creatures
  A steam dragon (D:6)
  A sky beast (D:3)
  2 ogres
  A phantom (D:5)
  A scorpion (D:4)
  2 howler monkeys
  A jelly (D:5)
  A crimson imp (D:5)
  3 orc priests
  Jessica (D:3)
  3 iguanas
  3 orc wizards
  Terence (D:3)
  2 adders (D:5)
  A white imp (D:5)
  2 worms
  2 dart slugs (D:2)
  14 orcs
  7 endoplasms
  3 giant cockroaches
  10 goblins
  12 hobgoblins
  10 jackals
  4 quokkas
  5 ball pythons
  8 bats
  2 frilled lizards (D:2)
  7 kobolds
  3 rats
  A butterfly (D:5)
114 creatures vanquished.

Notes
Turn   | Place    | Note
-------+----------+-------------------------------------------
     0 | D:1      | qw the Gargoyle Fighter began the quest for the Orb.
     0 | D:1      | Reached XP level 1. HP: 14/14 MP: 1/1
     0 | D:1      | 0 ||| qw: Version: 0.2-a-29-g1fa15c8
     0 | D:1      | 0 ||| qw: Game counter: 5104
     0 | D:1      | 0 ||| qw: Always use a shield: true
     0 | D:1      | 0 ||| qw: God list: Okawaru
     0 | D:1      | 0 ||| qw: Allow faded altars: false
     0 | D:1      | 0 ||| qw: Do Orc after D:15 true
     0 | D:1      | 0 ||| qw: Do second Lair branch before Depths: true
     0 | D:1      | 0 ||| qw: Lair rune preference: random
     0 | D:1      | 0 ||| qw: Plans: Normal, Zot:1-4, Slime:5, God:TSO, Crypt,
                  | Tomb, Abyss, Pan, Hells, Win
     0 | D:1      | 0 ||| PLANNING D:1-11
    44 | D:1      | Reached skill level 2 in Axes
   269 | D:1      | Reached XP level 2. HP: 12/19 MP: 2/2
   629 | D:1      | 629 ||| DROPPING +0 club.
   960 | D:1      | Reached skill level 3 in Axes
   973 | D:1      | 973 ||| UPGRADING to ring of see invisible.
   974 | D:1      | 974 ||| READING 3 scrolls labelled QOCEITZ GEWEKY.
   975 | D:1      | 975 ||| READING scroll labelled CIXOOMP IMEOHI.
   980 | D:1      | 980 ||| READING scroll labelled GURUSKY PACRY.
   981 | D:1      | 981 ||| READING scroll labelled KYRUYJ WILOEWK.
  1045 | D:2      | Reached XP level 3. HP: 13/23 MP: 3/3
  1251 | D:2      | 1251 ||| Stepping ~*~*~tactically~*~*~ (stealth).
  1364 | D:2      | 1364 ||| Stepping ~*~*~tactically~*~*~ (stealth).
  1612 | D:2      | 1612 ||| DRINKING 2 lumpy clear potions.
  1613 | D:2      | 1613 ||| DRINKING 2 bubbling cyan potions.
  1614 | D:2      | 1614 ||| READING 3 scrolls of identify.
  1614 | D:2      | 1614 ||| IDENTIFYING grey potion
  1615 | D:2      | 1615 ||| DROPPING potion of degeneration.
  1616 | D:2      | 1616 ||| DROPPING potion of enlightenment.
  1641 | D:3      | Noticed a sky beast
  1658 | D:3      | Killed a sky beast
  1659 | D:3      | Reached skill level 4 in Axes
  1659 | D:3      | Reached XP level 4. HP: 28/28 MP: 4/4
  1659 | D:3      | Reached XP level 5. HP: 32/32 MP: 5/5
  1678 | D:3      | Noticed Terence
  1693 | D:3      | Killed Terence
  1694 | D:3      | Reached skill level 5 in Axes
  1728 | D:3      | 1728 ||| Stepping ~*~*~tactically~*~*~ (stealth).
  1732 | D:3      | 1732 ||| FLEEEEING.
  1807 | D:3      | 1807 ||| Stepping ~*~*~tactically~*~*~ (hiding).
  1809 | D:3      | 1809 ||| Stepping ~*~*~tactically~*~*~ (hiding).
  1973 | D:3      | 1973 ||| Stepping ~*~*~tactically~*~*~ (stealth).
  2095 | D:3      | 2095 ||| Stepping ~*~*~tactically~*~*~ (stealth).
  2105 | D:3      | 2105 ||| Stepping ~*~*~tactically~*~*~ (stealth).
  2129 | D:3      | 2129 ||| Stepping ~*~*~tactically~*~*~ (stealth).
  2175 | D:3      | 2175 ||| Stepping ~*~*~tactically~*~*~ (stealth).
  2183 | D:3      | 2183 ||| Stepping ~*~*~tactically~*~*~ (stealth).
  2353 | D:3      | Noticed Jessica
  2354 | D:3      | 2354 ||| Stepping ~*~*~tactically~*~*~ (hiding).
  2365 | D:3      | Killed Jessica
  2366 | D:3      | Reached skill level 1 in Dodging
  2366 | D:3      | Reached XP level 6. HP: 33/38 MP: 6/6
  2411 | D:3      | 2411 ||| FLEEEEING.
  2412 | D:3      | 2412 ||| FLEEEEING.
  2413 | D:3      | 2413 ||| FLEEEEING.
  2414 | D:3      | 2414 ||| FLEEEEING.
  2415 | D:3      | 2415 ||| FLEEEEING.
  2416 | D:3      | 2416 ||| FLEEEEING.
  2417 | D:3      | 2417 ||| FLEEEEING.
  2418 | D:3      | 2418 ||| FLEEEEING.
  2419 | D:3      | 2419 ||| FLEEEEING.
  2420 | D:3      | 2420 ||| FLEEEEING.
  2421 | D:3      | 2421 ||| FLEEEEING.
  2422 | D:3      | 2422 ||| FLEEEEING.
  2423 | D:3      | 2423 ||| FLEEEEING.
  2424 | D:3      | 2424 ||| STAIRDANCE
  2446 | D:2      | 2446 ||| READING scroll labelled WEBOSO CERUCE.
  2447 | D:2      | 2447 ||| DRINKING 2 ruby potions.
  2496 | D:2      | 2496 ||| READING 3 scrolls of identify.
  2496 | D:2      | 2496 ||| IDENTIFYING amethyst potion
  2497 | D:2      | 2497 ||| READING 2 scrolls of identify.
  2497 | D:2      | 2497 ||| IDENTIFYING metallic orange potion
  2498 | D:2      | 2498 ||| DROPPING potion of berserk rage.
  2524 | D:3      | 2524 ||| DROPPING +0 whip.
  2588 | D:3      | 2588 ||| Stepping ~*~*~tactically~*~*~ (hiding).
  2603 | D:3      | 2603 ||| Stepping ~*~*~tactically~*~*~ (stealth).
  2608 | D:3      | 2608 ||| Stepping ~*~*~tactically~*~*~ (stealth).
  2633 | D:3      | 2633 ||| Stepping ~*~*~tactically~*~*~ (stealth).
  2850 | D:3      | 2850 ||| DROPPING orb of wrath.
  2851 | D:3      | 2851 ||| READING scroll labelled SILUES ENIERCHOUNI.
  2865 | D:3      | 2865 ||| Stepping ~*~*~tactically~*~*~ (hiding).
  2867 | D:3      | 2867 ||| Stepping ~*~*~tactically~*~*~ (hiding).
  2914 | D:4      | 2914 ||| STAIRDANCE
  3001 | D:4      | 3001 ||| Stepping ~*~*~tactically~*~*~ (stealth).
  3014 | D:4      | 3014 ||| Stepping ~*~*~tactically~*~*~ (hiding).
  3015 | D:4      | 3015 ||| Stepping ~*~*~tactically~*~*~ (hiding).
  3027 | D:4      | Reached skill level 6 in Axes
  3027 | D:4      | Reached XP level 7. HP: 13/43 MP: 7/7
  3029 | D:4      | HP: 2/43 [orc wizard/magic dart (11)]
  3036 | D:4      | HP: 4/43 [orc/+0 short sword (1)]
  3049 | D:4      | 3049 ||| FLEEEEING.
  3053 | D:4      | 3053 ||| FLEEEEING.
  3058 | D:4      | 3058 ||| STAIRDANCE
  3240 | D:4      | 3240 ||| Stepping ~*~*~tactically~*~*~ (stealth).
  3267 | D:4      | 3267 ||| FLEEEEING.
  3268 | D:4      | 3268 ||| FLEEEEING.
  3272 | D:4      | 3272 ||| FLEEEEING.
  3273 | D:4      | 3273 ||| STAIRDANCE
  3379 | D:4      | Reached skill level 7 in Axes
  3724 | D:4      | 3724 ||| READING 2 scrolls of identify.
  3724 | D:4      | 3724 ||| IDENTIFYING emerald potion
  3749 | D:5      | Entered Level 5 of the Dungeon
  3822 | D:5      | HP: 7/43 [iguana (9)]
  3823 | D:5      | 3823 ||| DRINKING potion of heal wounds.
  4120 | D:5      | Reached skill level 1 in Throwing
  4271 | D:5      | Found a staircase to the Ecumenical Temple.
  4272 | D:5      | 4272 ||| PLANNING TEMPLE
  4276 | Temple   | Entered the Ecumenical Temple
  4365 | Temple   | 4365 ||| PLANNING D:1-11
  4501 | D:5      | Reached XP level 8. HP: 47/49 MP: 8/8
  5013 | D:5      | 5013 ||| FLEEEEING.
  5014 | D:5      | 5014 ||| FLEEEEING.
  5036 | D:5      | 5036 ||| UPGRADING to amulet of reflection.
  5041 | D:5      | 5041 ||| READING scroll labelled DOEFIR GOICWIA.
  5124 | D:6      | 5124 ||| Stepping ~*~*~tactically~*~*~ (cloud).
  5131 | D:6      | HP: 12/49 [steam dragon (9)]
  5132 | D:6      | HP: 1/49 [steam dragon/ball of steam (12)]
  5133 | D:6      | Reached skill level 8 in Axes
  5133 | D:6      | Engulfed by a steam dragon's steam

Levels and vault maps discovered:
D:1:      amcnicky_arrival_choice, layout_basic, st_stairs_1
D:2:      layout_rooms, minmay_misc_feat_roman, kennysheep_decorative_pillar,
          nicolae_elevator_lobby_asterisk
D:3:      cheibrodos_pilgrimage, layout_rooms, serial_forest,
          infiniplex_forest_clump_cross, infiniplex_forest_clump_large,
          infiniplex_forest_lined_2, infiniplex_forest_straight_2,
          infiniplex_forest_corner_1, infiniplex_forest_zigzag_1, uniq_terence,
          uniq_jessica
D:4:      layout_cave_pools
D:5:      layout_loops_corners, minmay_temple_entry_butterflies,
          minmay_misc_feat_square, minmay_fire_ice_demons
D:6:      kennysheep_steamy, layout_basic, mainiacjoe_overflow_catch_the_wave
Temple:   nicolae_temple_superstar

Skill      XL: |  1  2  3  4  5  6  7  8 |
---------------+-------------------------+-----
Axes           | 2 3 4 5 6 7 8 |  8.1
Fighting       | 4 5 |  5.0
Dodging        | 1 |  1.1
Throwing       | 1 |  1.0
Armour         | |  3.2
Shields        | |  3.2

Action                     |  1- 3 |  4- 6 |  7- 9 || total
---------------------------+-------+-------+-------++-------
  Melee: War axe           |   142 |   184 |   159 ||   485
  Throw: Boomerang         |       |       |    35 ||    35
    Use: Scroll            |     5 |     4 |     2 ||    11
         Potion            |     2 |     1 |     1 ||     4
 Armour: Scale mail        |    71 |    68 |    95 ||   234
  Dodge: Dodged            |    53 |    60 |    57 ||   170
  Block: Buckler           |    25 |    32 |    19 ||    76

Table legend:
 A = Non-vault XP
 B = Vault XP
 C = Vault XP percentage of total XP
 D = Non-vault monster count
 E = Vault monster count
 F = Vault count percentage of total count
                 A         B        C        D         E       F
            +---------+---------+-------+---------+---------+-------
      Total |    1175 |     411 |  25.9 |     101 |      12 |  10.6
            +---------+---------+-------+---------+---------+-------
        D:1 |      27 |       4 |  12.9 |      17 |       2 |  10.5
        D:2 |      40 |       0 |   0.0 |      19 |       0 |   0.0
        D:3 |     348 |     164 |  32.0 |      28 |       7 |  20.0
        D:4 |     351 |       0 |   0.0 |      23 |       0 |   0.0
        D:5 |     409 |      60 |  12.8 |      14 |       2 |  12.5
        D:6 |       0 |     183 | 100.0 |       0 |       1 | 100.0
            +---------+---------+-------+---------+---------+-------
